 Dungeon Crawl Stone Soup version 0.31.0-9-g3a7656b989 (console) character file.

Game seed: 12375152853681038243

2661 AlterAsc the Grappler (level 9, 0/72 HPs)
             Began as a Red Draconian Shapeshifter on Jan 24, 2024.
             Was an Initiate of Okawaru.
             Succumbed to a water moccasin's poison
             ... on level 7 of the Dungeon.
             The game lasted 00:20:26 (6399 turns).

AlterAsc the Grappler (Red Draconian Shapeshifter)  Turns: 6399, Time: 00:20:26

Health: 0/72       AC:  7    Str: 22    XL:     9   Next: 36%
Magic:  9/9        EV: 12    Int: 10    God:    Okawaru [......]
Gold:   384        SH:  0    Dex: 10    Spells: 8/8 levels left

rFire   + +          .
                       - Unarmed
rCold   . . .        (no shield)
rNeg    + . .        (body armour unavailable)
rPois   .            (helmet currently unavailable)
rElec   .            (cloak currently unavailable)
rCorr   .            (gloves currently unavailable)
SInv    .            (boots currently unavailable)
Will    +....        (no amulet)
Stlth   +            t - ring of positive energy
HPRegen 0.32/turn    D - ring of protection from fire
MPRegen 0.11/turn

%: random rage (3%)
@: brilliant, lethally poisoned (0 -> -8), beast-form, enlightened, flying
A: beast (slay +2), flying, breathe fire, AC +7, unfitting armour, fire
resistance 1, cold-blooded, big wings, berserk 1, mutation resistance 1, passive
freeze
a: Breathe Fire, Begin Untransformation, Renounce Religion


You were on level 7 of the Dungeon.
You worshipped Okawaru.
Okawaru was noncommittal.
You were a hulking beast.
You visited 2 branches of the dungeon, and saw 9 of its levels.

You collected 384 gold pieces.

Inventory:

Hand Weapons
 k - a +3 dagger of venom
Missiles
 h - 14 poisoned darts (quivered)
 w - 5 datura-tipped darts
Armour
 q - a scarf of shadows
 C - a +0 pair of boots
Jewellery
 t - a ring of positive energy (left hand)
 D - a ring of protection from fire (right hand)
 E - a ring of magical power
Talismans
 b - a beast talisman
 c - a flux talisman
 y - a talisman of death
Wands
 v - a wand of iceblast (1)
 H - a wand of quicksilver (15)
Scrolls
 d - a scroll of brand weapon {unknown}
 e - a scroll of immolation {unknown}
 f - a scroll of poison {unknown}
 g - 2 scrolls of silence
 n - a scroll of vulnerability {unknown}
 o - a scroll of amnesia {unknown}
 p - a scroll of identify
 x - 2 scrolls of noise {unknown}
 A - a scroll of revelation {unknown}
 F - a scroll of torment {unknown}
 G - 2 scrolls of fog {unknown}
 J - a scroll of teleportation {unknown}
Potions
 a - 2 potions of berserk rage {unknown}
 i - a potion of mutation
 l - a potion of invisibility {unknown}
 m - a potion of brilliance
 r - 3 potions of magic
 s - 3 potions of enlightenment
 u - a potion of might {unknown}
 z - 2 potions of degeneration {unknown}
 B - a potion of haste {unknown}
 I - a potion of resistance {unknown}


   Skills:
 + Level 4.3 Fighting
 + Level 3.9 Dodging
 + Level 11.2 Unarmed Combat
 + Level 0.7 Invocations
 + Level 4.7 Shapeshifting


You had 8 spell levels left.
You didn't know any spells.
Your spell library contained the following spells:

 Spells                   Type           Power      Damage    Failure   Level
 Apportation              Tloc           0%         N/A       36%         1
 Necrotise                Necr           0%         1d4       36%         1
 Sting                    Conj/Alch      0%         1d3       36%         1
 Blink                    Tloc           0%         N/A       50%         2
 Lesser Beckoning         Tloc           0%         N/A       50%         2
 Momentum Strike          Conj/Tloc      0%         3d8       50%         2
 Gell's Gravitas          Tloc           0%         N/A       75%         3
 Stone Arrow              Conj/Erth      0%         3d7       75%         3
 Teleport Other           Tloc           0%         N/A       75%         3
 Lehudib's Crystal Spear  Conj/Erth      0%         10d2      100%        8
 Chain Lightning          Conj/Air       0%         N/A       100%        9
 Fire Storm               Conj/Fire      0%         5d1       100%        9
 Shatter                  Erth           0%         3d5*      100%        9
 Summon Small Mammal      Summ           Unusable   N/A       N/A         1
 Animate Armour           Summ/Erth      Unusable   N/A       N/A         4

Dungeon Overview and Level Annotations

Branches:
Dungeon (8/15)             Temple (1/1) D:6
   Lair: D:8-11

Altars:
Ashenzari
Cheibriados
Dithmenos
Elyvilon
Fedhas
Gozag
Hepliaklqana
Kikubaaqudgha
Makhleb
Nemelex Xobeh
Okawaru
Qazlal
Ru
Trog
Vehumet
Wu Jian
Xom
Yredelemnul
Zin
The Shining One

Shops:
D:7 :

Annotations:
D:5 3 runed translucent doors, Valeaz's ghost, novice GnAE
Temple 4 transporters


Innate Abilities, Weirdness & Mutations

You are a hulking beast.
Your limbs bulge with bestial killing power. (Slay +2)
You are flying.
You can breathe blasts of fire.
Your fiery red scales are hard. (AC +7)
You cannot fit into any form of body armour.
Your flesh is heat resistant. (rF+)
You are cold-blooded and may be slowed by cold attacks.
Your large and strong wings let you fly.
You sometimes lose your temper in combat.
You are somewhat resistant to further mutation.
A frigid envelope surrounds you and freezes all who hurt you.


Message History

The water moccasin bites you but does no damage. x2
The water moccasin attacks as it pursues you!
The water moccasin closely misses you. The water moccasin barely misses you.
Press: ? - help, v - describe, . - travel
Here: a water moccasin The floor.
You barely miss the water moccasin. The water moccasin closely misses you.
You punch the water moccasin!
The water moccasin is heavily wounded.
The water moccasin bites you.
* * * LOW HITPOINT WARNING * * *
You are poisoned.
The water moccasin poisons you!
You barely miss the water moccasin.
The water moccasin is heavily wounded.
* * * LOW HITPOINT WARNING * * *
You feel very sick. The water moccasin barely misses you.
Okay, then.
As you read the scroll labelled XOUHIO XEEMO, it crumbles to dust.
It is a scroll of identify.
r - 3 potions of magic
* * * LOW HITPOINT WARNING * * *
You feel very sick. The water moccasin barely misses you. Something hits you.
* * * LOW HITPOINT WARNING * * *
Something shocks you.
* * * LOW HITPOINT WARNING * * *
The water moccasin bites you.
* * * LOW HITPOINT WARNING * * *
It was a potion of mutation.
You feel extremely strange.
Your skin feels very cold.
You feel a little pissed off.
Your wings grow larger and stronger.
You feel genetically stable.
* * * LOW HITPOINT WARNING * * *
You feel very sick. Something hits you but does no damage.
The water moccasin closely misses you.
It was a potion of brilliance.
You feel clever all of a sudden.
You die...

.......##......##...###......# #.
....................###..##.## #.
..........)...##....##..###.# #.
..##...........##....#...#..####.
..##...........#...#....###.##...
.##..##........#..##.....#...#...
.##...............##.....#.....#.
..>..#..#######...##...#...#.#.##
.........# #...##.###....##..#
.......#.# ##..#..####........
......##.## #h................
##...[....# #S{...............
##.....#..# ##....##...........
###....#..# #..#..#............
.#.......######..#...............
....#<.#....#>...................
....#..##.......................#
.................................
.......###................####.##
.###..#####.#......##.....###...#
......# #...#.....###............


You could see a water moccasin.

Vanquished Creatures
  Grinder (D:3)
  A wyvern (D:8)
  A steam dragon (D:7)
  A water moccasin (D:4)
  Duvessa (D:5)
  3 ogres
  A black bear (D:4)
  2 centaurs
  A phantom (D:4)
  A kobold brigand (D:7)
  A bullfrog (D:6)
  4 wights (D:6)
  Dowan (D:5)
  6 killer bees (D:7)
  2 howler monkeys
  A bombardier beetle (D:5)
  2 orc priests (D:3)
  2 hounds
  3 jellies
  2 orc wizards (D:5)
  Natasha (twice) (D:3)
  3 iguanas
  7 gnolls
  8 adders
  2 dart slugs
  A ribbon worm (D:3)
  20 orcs
  2 bats
  12 endoplasms
  12 giant cockroaches
  12 goblins
  3 hobgoblins (D:2)
  9 jackals
  16 kobolds
  3 quokkas
  9 ball pythons
  A frilled lizard (D:2)
  5 rats
164 creatures vanquished.

Notes
Turn   | Place    | Note
-------+----------+-------------------------------------------
     0 | D:1      | AlterAsc the Draconian Shapeshifter began the quest for the
                  | Orb.
     0 | D:1      | Reached XP level 1. HP: 16/16 MP: 1/1
     1 | D:1      | Found a runed translucent door.
   301 | D:1      | Found a faded altar of an unknown god.
   347 | D:1      | Reached XP level 2. HP: 20/23 MP: 2/2
   861 | D:2      | Reached skill level 4 in Unarmed Combat
  1038 | D:2      | Reached XP level 3. HP: 19/28 MP: 3/3
  1755 | D:1      | Reached XP level 4. HP: 27/35 MP: 4/4
  1763 | D:1      | Reached skill level 5 in Unarmed Combat
  1894 | D:3      | Noticed Natasha
  1894 | D:3      | Noticed Grinder
  2268 | D:3      | Reached XP level 5. HP: 35/40 MP: 5/5
  2284 | D:3      | Reached skill level 6 in Unarmed Combat
  2564 | D:3      | Killed Natasha
  2571 | D:3      | Noticed Natasha
  2579 | D:3      | Killed Natasha
  2694 | D:3      | Reached XP level 6. HP: 47/47 MP: 6/6
  2729 | D:3      | Found an opulent altar of Gozag.
  2729 | D:3      | Found a broken altar of Ashenzari.
  2729 | D:3      | Found a shimmering altar of Xom.
  2729 | D:3      | Found a hazy altar of Hepliaklqana.
  2729 | D:3      | Found a shimmering altar of Xom.
  2729 | D:3      | Found an ancient bone altar of Kikubaaqudgha.
  2745 | D:3      | Reached skill level 7 in Unarmed Combat
  2812 | D:3      | Killed Grinder
  3004 | D:4      | Reached skill level 8 in Unarmed Combat
  3004 | D:4      | Your scales start taking on a fiery red colour.
  3004 | D:4      | Reached XP level 7. HP: 18/52 MP: 7/7
  3004 | D:4      | Gained mutation: Your flesh is heat resistant. (rF+) [Red
                  | Draconian growth]
  3614 | D:4      | Reached skill level 9 in Unarmed Combat
  4062 | D:5      | Entered Level 5 of the Dungeon
  4063 | D:5      | Noticed Valeaz's ghost (novice GnAE)
  4178 | D:5      | Reached skill level 10 in Unarmed Combat
  4178 | D:5      | Reached XP level 8. HP: 55/59 MP: 8/8
  4395 | D:5      | Found a runed translucent gate.
  4395 | D:5      | Found a runed translucent gate.
  4395 | D:5      | Found a runed translucent gate.
  4734 | D:5      | Noticed Duvessa
  4734 | D:5      | Identified the +5 chain mail of Ippayny {Dex+3}
  4734 | D:5      | Noticed Dowan
  4754 | D:5      | Killed Duvessa
  4765 | D:5      | Killed Dowan
  5216 | D:6      | Found a sacrificial altar of Ru.
  5335 | D:6      | Found a staircase to the Ecumenical Temple.
  5352 | Temple   | Found a transporter.
  5352 | Temple   | Found a transporter.
  5352 | Temple   | Found a transporter.
  5352 | Temple   | Found a transporter.
  5352 | Temple   | Entered the Ecumenical Temple
  5420 | D:6      | Reached XP level 9. HP: 57/70 MP: 9/9
  5677 | D:7      | Reached skill level 11 in Unarmed Combat
  5871 | D:7      | Found Wivif's Book Shop.
  6303 | D:8      | Found a blossoming altar of Fedhas.
  6303 | D:8      | Found an ancient bone altar of Kikubaaqudgha.
  6303 | D:8      | Found a shadowy altar of Dithmenos.
  6303 | D:8      | Found a white marble altar of Elyvilon.
  6303 | D:8      | Found an iron altar of Okawaru.
  6303 | D:8      | Found a sparkling altar of Nemelex Xobeh.
  6310 | D:8      | Became a worshipper of Warmaster Okawaru
  6353 | D:8      | Noticed a two-headed ogre
  6398 | D:7      | Gained mutation: A frigid envelope surrounds you and
                  | freezes all who hurt you. [potion of mutation]
  6398 | D:7      | Gained mutation: You sometimes lose your temper in combat.
                  | [potion of mutation]
  6398 | D:7      | Gained mutation: Your large and strong wings let you fly.
                  | [potion of mutation]
  6398 | D:7      | Gained mutation: You are somewhat resistant to further
                  | mutation. [potion of mutation]
  6398 | D:7      | HP: 1/72 [poisoned by a water moccasin]
  6399 | D:7      | Succumbed to a water moccasin's poison

Illustrated notes

Levels and vault maps discovered:
D:1:      dpeg_arrival_caged_fury, layout_basic,
          ebering_ecumenical_altar_sacrificial
D:2:      layout_basic, minmay_goblin_kobold_house
D:3:      cheibrodos_fertilizer, layout_loops_ring, uniq_natasha, uniq_grinder
D:4:      layout_basic, nicolae_concentric_dashed_squares_mild,
          minmay_fractal_squares_diagonal_5
D:5:      layout_gridville, gammafunk_ghost_icy, chequers_serial_rivers_micro_b,
          uniq_duvessa
D:6:      layout_rooms, nicolae_ru_the_path_less_chosen,
          minmay_temple_entry_arrows
D:7:      layout_cave_pools, serial_shops, shop
D:8:      layout_rooms, grunt_temple_overflow_open
Temple:   hellmonk_temple_divided_pantheon

Skill      XL: |  1  2  3  4  5  6  7  8  9 |
---------------+----------------------------+-----
Unarmed Combat | 4 5 6 8 10 11 | 11.2
Dodging        | 3 |  3.9
Fighting       | 3 4 |  4.3
Shapeshifting  | 4 |  4.7
Invocations    | |  0.7

Action                     |  1- 3 |  4- 6 |  7- 9 || total
---------------------------+-------+-------+-------++-------
  Melee: Unarmed           |   105 |   149 |   193 ||   447
         Tailslap          |     7 |    15 |    22 ||    44
         Punch             |     1 |     5 |    13 ||    19
  Throw: Dart              |       |     3 |       ||     3
Ability: Breathe Fire      |       |       |    14 ||    14
    Use: Potion            |       |     5 |     5 ||    10
         Scroll            |       |       |     2 ||     2
   Stab: Sleeping          |     2 |     1 |     1 ||     4
 Armour: Skin              |    56 |    62 |   137 ||   255
  Dodge: Dodged            |    50 |    63 |   120 ||   233
